| TOP OF THE 1ST |
|
San Jose Missions batting - Pitching for Portland Beavers : RHP Kevin Gross
|
|
Pitching: RHP Kevin Gross
|
|
|
Batting: SHB Curt Bryan
|
0-0: Ball 1-0: Foul Ball, location: 2F 1-1: Ball 2-1: Ball 3-1: Base on Balls
|
|
Batting: LHB Glen Franklin
|
0-0: Swinging Strike 0-1: Ball 1-1: Ball 2-1: Ball 3-1: Fielders Choice at 2nd, 1-4 (Groundball, 15S, EV 69.4 MPH)
|
|
Batting: LHB Marvell Wynne
|
0-0: Ball 1-0: Fly out, F5 (Popup, 56, EV 67.5 MPH)
|
|
Batting: RHB John Rabb
|
0-0: Ball 1-0: Foul Ball, location: 2F 1-1: Called Strike Glen Franklin steals 2nd base (no throw) 1-2: Strikes out swinging
|
| Top of the 1st over - 0 runs, 0 hits, 0 errors, 1 left on base; San Jose 0 - Portland 0 |
| BOTTOM OF THE 1ST |
|
Portland Beavers batting - Pitching for San Jose Missions : LHP Omar Aguilar
|
|
Pitching: LHP Omar Aguilar
|
|
|
Batting: SHB Wally Backman
|
0-0: Ball 1-0: Ball 2-0: Ground out 6-3 (Groundball, 6, EV 79.4 MPH)
|
|
Batting: LHB Mike Gates
|
0-0: Ball 1-0: Ground out 6-3 (Groundball, 6, EV 80.0 MPH)
|
|
Batting: RHB Martinho Varandas
|
0-0: Called Strike 0-1: Ball 1-1: Ball 2-1: Foul Ball, location: 2F 2-2: Ball 3-2: Ground out 5-3 (Groundball, 5S, EV 78.8 MPH)
|
| Bottom of the 1st over - 0 runs, 0 hits, 0 errors, 0 left on base; San Jose 0 - Portland 0 |
| TOP OF THE 2ND |
|
San Jose Missions batting - Pitching for Portland Beavers : RHP Kevin Gross
|
|
Batting: SHB David Piller
|
0-0: Ball 1-0: Ball 2-0: Ball 3-0: Base on Balls
|
|
Batting: RHB Paul Runge
|
0-0: Called Strike David Piller steals 2nd base 0-1: Ball 1-1: Fly out, F8 (Flyball, 8RS, EV 94.4 MPH)
|
|
Batting: LHB Steven Michael
|
0-0: Ball 1-0: Ball 2-0: Ground out 6-3 (Groundball, 6, EV 95.0 MPH) David Piller to third
|
|
Batting: RHB Vance Law
|
0-0: Fly out, F9 (Line Drive, 9D, EV 92.5 MPH)
|
| Top of the 2nd over - 0 runs, 0 hits, 0 errors, 1 left on base; San Jose 0 - Portland 0 |
| BOTTOM OF THE 2ND |
|
Portland Beavers batting - Pitching for San Jose Missions : LHP Omar Aguilar
|
|
Batting: LHB Harold Baines
|
0-0: Ball 1-0: Ground out U3 (Groundball, 34, EV 103.1 MPH)
|
|
Batting: LHB Andre David
|
0-0: Foul Ball, location: 2F 0-1: Called Strike 0-2: Ball 1-2: Ball 2-2: Foul Ball, location: 2F 2-2: Ball 3-2: Fly out, F9 (Line Drive, 9D, EV 90.0 MPH)
|
|
Batting: RHB Skeeter Barnes
|
0-0: SINGLE (Line Drive, 9S, EV 113.1 MPH)
|
|
Batting: RHB Pepe Mangual
|
0-0: Ball 1-0: Called Strike Skeeter Barnes steals 2nd base 1-1: Called Strike 1-2: Ground out 4-3 (Groundball, 4, EV 106.9 MPH)
|
| Bottom of the 2nd over - 0 runs, 1 hit, 0 errors, 1 left on base; San Jose 0 - Portland 0 |
| TOP OF THE 3RD |
|
San Jose Missions batting - Pitching for Portland Beavers : RHP Kevin Gross
|
|
Batting: LHB Jesus Valerio
|
0-0: Ball 1-0: Called Strike 1-1: Fly out, F7 (Flyball, 78S, EV 91.3 MPH)
|
|
Batting: SHB Curt Bryan
|
0-0: Called Strike 0-1: Ball 1-1: Called Strike 1-2: Ball 2-2: Strikes out looking
|
|
Batting: LHB Glen Franklin
|
0-0: Called Strike 0-1: Called Strike 0-2: SINGLE (Flyball, 4D, EV 85.0 MPH)
|
|
Batting: LHB Marvell Wynne
|
0-0: Ball Glen Franklin is caught stealing 2nd base 2-6
|
| Top of the 3rd over - 0 runs, 1 hit, 0 errors, 0 left on base; San Jose 0 - Portland 0 |
| BOTTOM OF THE 3RD |
|
Portland Beavers batting - Pitching for San Jose Missions : LHP Omar Aguilar
|
|
Batting: RHB Kevin Buckley
|
0-0: Called Strike 0-1: Ball 1-1: Ball 2-1: Ground out 6-3 (Groundball, 56, EV 79.4 MPH)
|
|
Batting: LHB Pat Sheridan
|
0-0: Ball 1-0: Ball 2-0: Foul Ball, location: 2F 2-1: Foul Ball, location: 2F 2-2: Foul Ball, location: 2F 2-2: Ball 3-2: Foul Ball, location: 2F 3-2: Base on Balls
|
|
Batting: SHB Wally Backman
|
0-0: Called Strike 0-1: Ball 1-1: Ball 2-1: Foul Ball, location: 2F 2-2: Ball 3-2: Strikes out swinging
|
|
Batting: LHB Mike Gates
|
0-0: Ball 1-0: Foul Ball, location: 2F 1-1: Swinging Strike 1-2: Ball 2-2: Foul Ball, location: 2F 2-2: Foul Ball, location: 2F 2-2: Strikes out looking
|
| Bottom of the 3rd over - 0 runs, 0 hits, 0 errors, 1 left on base; San Jose 0 - Portland 0 |
| TOP OF THE 4TH |
|
San Jose Missions batting - Pitching for Portland Beavers : RHP Kevin Gross
|
|
Batting: LHB Marvell Wynne
|
0-0: Ball 1-0: Ball 2-0: Ball 3-0: Called Strike 3-1: Foul Ball, location: 2F 3-2: Base on Balls
|
|
Batting: RHB John Rabb
|
0-0: Ball 1-0: Ball 2-0: Called Strike 2-1: Ball 3-1: Foul Ball, location: 2F 3-2: Fly out, F7 (Flyball, 7S, EV 92.5 MPH)
|
|
Batting: SHB David Piller
|
0-0: Ball 1-0: Ball 2-0: Called Strike 2-1: Ball 3-1: Grounds into double play, 5-4-3 (Groundball, 56S, EV 82.5 MPH)
|
| Top of the 4th over - 0 runs, 0 hits, 0 errors, 0 left on base; San Jose 0 - Portland 0 |
| BOTTOM OF THE 4TH |
|
Portland Beavers batting - Pitching for San Jose Missions : LHP Omar Aguilar
|
|
Batting: RHB Martinho Varandas
|
0-0: Swinging Strike 0-1: Called Strike 0-2: Ball 1-2: Fly out, F8 (Flyball, 8LXD, EV 100.6 MPH)
|
|
Batting: LHB Harold Baines
|
0-0: Ball 1-0: Called Strike 1-1: Called Strike 1-2: Strikes out swinging
|
|
Batting: LHB Andre David
|
0-0: Ball 1-0: Fly out, F8 (Line Drive, 8RD, EV 90.6 MPH)
|
| Bottom of the 4th over - 0 runs, 0 hits, 0 errors, 0 left on base; San Jose 0 - Portland 0 |
| TOP OF THE 5TH |
|
San Jose Missions batting - Pitching for Portland Beavers : RHP Kevin Gross
|
|
Batting: RHB Paul Runge
|
0-0: Ball 1-0: Called Strike 1-1: Swinging Strike 1-2: Ball 2-2: Ball 3-2: SINGLE (Line Drive, 9LS, EV 99.4 MPH)
|
|
Batting: LHB Steven Michael
|
0-0: Ball 1-0: Called Strike 1-1: Ball 2-1: Ball 3-1: Foul Ball, location: 2F 3-2: Foul Ball, location: 2F 3-2: Base on Balls Paul Runge to second
|
|
Batting: RHB Vance Law
|
0-0: Ball 1-0: Bunt missed! 1-1: Ball 2-1: Sac Bunt to P - play at first, batter OUT! 1-4 Paul Runge to third Steven Michael to second
|
|
Batting: LHB Jesus Valerio
|
0-0: Ball 1-0: Ball 2-0: Ball 3-0: Called Strike 3-1: Base on Balls
|
|
Batting: SHB Curt Bryan
|
0-0: Grounds into fielders choice 1-2 (Groundball, 15, EV 68.1 MPH) Steven Michael to third Jesus Valerio to second
|
|
Batting: LHB Glen Franklin
|
0-0: Swinging Strike 0-1: Fly out, F6 (Popup, 6MS, EV 69.4 MPH)
|
| Top of the 5th over - 0 runs, 1 hit, 0 errors, 3 left on base; San Jose 0 - Portland 0 |
| BOTTOM OF THE 5TH |
|
Portland Beavers batting - Pitching for San Jose Missions : LHP Omar Aguilar
|
|
Batting: RHB Skeeter Barnes
|
0-0: Called Strike 0-1: Fly out, F8 (Flyball, 8LS, EV 85.0 MPH)
|
|
Batting: RHB Pepe Mangual
|
0-0: SOLO HOME RUN (Flyball, 7LD, EV 90.0 MPH), Distance : 356 ft
|
|
Batting: RHB Kevin Buckley
|
0-0: Ball 1-0: Ball 2-0: Foul Ball, location: 2F 2-1: Ball 3-1: Fly out, F9 (Flyball, 89M, EV 85.6 MPH)
|
|
Batting: LHB Pat Sheridan
|
0-0: Called Strike 0-1: Foul Ball, location: 2F 0-2: Foul Ball, location: 2F 0-2: Ground out 6-3 (Groundball, 6M, EV 103.8 MPH)
|
| Bottom of the 5th over - 1 run, 1 hit, 0 errors, 0 left on base; San Jose 0 - Portland 1 |
| TOP OF THE 6TH |
|
San Jose Missions batting - Pitching for Portland Beavers : RHP Kevin Gross
|
|
Batting: LHB Marvell Wynne
|
0-0: Ball 1-0: Reached on error, E5 (Groundball, 56S, EV 66.9 MPH)
|
|
Batting: RHB John Rabb
|
0-0: Called Strike 0-1: Ball 1-1: Ball 2-1: Ground out 6-3 (Groundball, 6, EV 82.5 MPH) Marvell Wynne to third
|
|
Batting: SHB David Piller
|
0-0: Fly out, F8 (Flyball, 8RS, EV 88.8 MPH)
|
|
Batting: RHB Paul Runge
|
0-0: Called Strike 0-1: Ball 1-1: Ground out 6-3 (Groundball, 6, EV 105.6 MPH)
|
| Top of the 6th over - 0 runs, 0 hits, 1 error, 1 left on base; San Jose 0 - Portland 1 |
| BOTTOM OF THE 6TH |
|
Portland Beavers batting - Pitching for San Jose Missions : LHP Omar Aguilar
|
|
Batting: SHB Wally Backman
|
0-0: Called Strike 0-1: Swinging Strike 0-2: Ball 1-2: Ground out 4-3 (Groundball, 4, EV 102.5 MPH)
|
|
Batting: LHB Mike Gates
|
0-0: Called Strike 0-1: Ball 1-1: Called Strike 1-2: Ground out U3 (Groundball, 3S, EV 83.1 MPH)
|
|
Batting: RHB Martinho Varandas
|
0-0: Ball 1-0: Called Strike 1-1: Ball 2-1: Foul Ball, location: 2F 2-2: Ball 3-2: Foul Ball, location: 2F 3-2: Foul Ball, location: 2F 3-2: Foul Ball, location: 2F 3-2: Base on Balls
|
|
Batting: LHB Harold Baines
|
0-0: Ball 1-0: Ground out U3 (Groundball, 34, EV 88.8 MPH)
|
| Bottom of the 6th over - 0 runs, 0 hits, 0 errors, 1 left on base; San Jose 0 - Portland 1 |
| TOP OF THE 7TH |
|
San Jose Missions batting - Pitching for Portland Beavers : RHP Kevin Gross
|
|
Batting: LHB Steven Michael
|
0-0: Called Strike 0-1: Foul Ball, location: 2F 0-2: Fly out, F4 (Flyball, 4MD, EV 93.1 MPH)
|
|
Batting: RHB Vance Law
|
0-0: Ball 1-0: Fly out, F9 (Flyball, 9LS, EV 86.9 MPH)
|
|
Batting: LHB Jesus Valerio
|
0-0: Foul Ball, location: 2F 0-1: Fly out, F7 (Flyball, 7S, EV 78.1 MPH)
|
| Top of the 7th over - 0 runs, 0 hits, 0 errors, 0 left on base; San Jose 0 - Portland 1 |
| BOTTOM OF THE 7TH |
|
Portland Beavers batting - Pitching for San Jose Missions : LHP Omar Aguilar
|
|
Batting: LHB Andre David
|
0-0: Ground out 5-3 (Groundball, 56S, EV 76.9 MPH)
|
|
Batting: RHB Skeeter Barnes
|
0-0: SINGLE (Line Drive, 8LS, EV 88.1 MPH)
|
|
Batting: RHB Pepe Mangual
|
0-0: Ball 1-0: Ball 2-0: Ball 3-0: Called Strike 3-1: Grounds into double play, 3-6-3 (Groundball, 3, EV 103.8 MPH)
|
| Bottom of the 7th over - 0 runs, 1 hit, 0 errors, 0 left on base; San Jose 0 - Portland 1 |
| TOP OF THE 8TH |
|
San Jose Missions batting - Pitching for Portland Beavers : RHP Kevin Gross
|
|
Batting: SHB Curt Bryan
|
0-0: Called Strike 0-1: Foul Ball, location: 2F 0-2: Foul Ball, location: 2F 0-2: Ground out 5-3 (Groundball, 5, EV 101.3 MPH)
|
|
Batting: LHB Glen Franklin
|
0-0: Ball 1-0: Ground out 6-3 (Groundball, 6, EV 86.9 MPH)
|
|
Batting: LHB Marvell Wynne
|
0-0: Ground out 6-3 (Groundball, 6, EV 79.4 MPH)
|
| Top of the 8th over - 0 runs, 0 hits, 0 errors, 0 left on base; San Jose 0 - Portland 1 |
| BOTTOM OF THE 8TH |
|
Portland Beavers batting - Pitching for San Jose Missions : LHP Omar Aguilar
|
|
Batting: RHB Kevin Buckley
|
0-0: Called Strike 0-1: Ball 1-1: Foul Ball, location: 2F 1-2: Ball 2-2: Foul Ball, location: 2F 2-2: Foul Ball, location: 2F 2-2: Strikes out swinging
|
|
Pitching: RHP Oscar Acosta
|
|
|
Batting: LHB Pat Sheridan
|
0-0: Ball 1-0: Ground out 6-3 (Groundball, 6, EV 91.3 MPH)
|
|
Batting: SHB Wally Backman
|
0-0: Fly out, F9 (Flyball, 9S, EV 91.3 MPH)
|
| Bottom of the 8th over - 0 runs, 0 hits, 0 errors, 0 left on base; San Jose 0 - Portland 1 |
| TOP OF THE 9TH |
|
San Jose Missions batting - Pitching for Portland Beavers : RHP Kevin Gross
|
|
Batting: RHB John Rabb
|
0-0: Swinging Strike 0-1: Ball 1-1: Foul Ball, location: 2F 1-2: Foul Ball, location: 2F 1-2: Strikes out swinging
|
|
Batting: SHB David Piller
|
0-0: Ball 1-0: Ball 2-0: Fly out, F5 (Popup, 56S, EV 88.1 MPH)
|
|
Batting: RHB Paul Runge
|
0-0: Ball 1-0: Ball 2-0: Ball 3-0: Called Strike 3-1: Base on Balls
|
|
Batting: LHB Steven Michael
|
0-0: SINGLE (Line Drive, 9LS, EV 93.8 MPH) Paul Runge to second Runner from 2nd tries for 3rd, SAFE, throw by RF made to third
|
|
Batting: RHB Vance Law
|
0-0: Called Strike 0-1: Ball 1-1: Ball 2-1: Fly out, F8 (Flyball, 8RM, EV 83.1 MPH)
|
| Top of the 9th over - 0 runs, 1 hit, 0 errors, 2 left on base; San Jose 0 - Portland 1 |
|